 Dungeon Crawl Stone Soup version 0.32-a0-872-g59262bdc9b (webtiles) character file.

Game seed: 5187698495077520580

909 KennySheep the Ruffian (level 8, -5/69 HPs)
             Began as a Naga Shapeshifter on Mar 30, 2024.
             Was a Priest of Fedhas.
             Slain by an ogre
             ... wielding a +0 giant club
              (37 damage)
             ... on level 5 of the Dungeon.
             The game lasted 00:16:11 (6104 turns).

KennySheep the Ruffian (Naga Shapeshifter)          Turns: 6104, Time: 00:16:12

Health: -5/69      AC:  3    Str: 20    XL:     8   Next: 8%
Magic:  8/10       EV:  9    Int: 10    God:    Fedhas [***...]
Gold:   131        SH:  0    Dex: 10    Spells: 7/7 levels left

rFire   . .          .
                       - Unarmed
rCold   . . .        (no shield)
rNeg    . . .        a - +0 animal skin
rPois   +            (helmet currently unavailable)
rElec   .            (cloak currently unavailable)
rCorr   .            (gloves currently unavailable)
SInv    +            (no barding)
Will    +....        (no amulet)
Stlth   ++           (no ring)
HPRegen 0.31/turn    (no ring)
MPRegen 0.12/turn

%: no passive effects
@: beast-form, very slow
A: beast (slay +2), AC +2, large, see invisible, deformed body, poison
resistance, slowness 2, spit poison 1, naga tail 1
a: Spit Poison, Begin Untransformation, Renounce Religion, Wall of Briars, Grow
Ballistomycete


You were on level 5 of the Dungeon.
You worshipped Fedhas.
Fedhas was most pleased with you.
You were a hulking beast.
You visited 2 branches of the dungeon, and saw 6 of its levels.

You collected 291 gold pieces.
You spent 160 gold pieces at shops.

Inventory:

Armour
 a - a +0 animal skin (worn)
 t - a +0 hat
Jewellery
 l - a ring of fire
Talismans
 c - a beast talisman (active)
 d - a flux talisman
Wands
 e - a wand of flame (30)
 q - a wand of mindburst (19)
Scrolls
 b - a scroll of revelation
 g - a scroll of noise
 h - 5 scrolls of enchant armour
 i - 2 scrolls of immolation
 k - 6 scrolls of blinking
 n - a scroll of poison
 o - a scroll of amnesia
 p - a scroll of identify
 r - 2 scrolls of teleportation
Potions
 f - a potion of mutation
 j - 2 potions of attraction {unknown}
 m - a potion of resistance


   Skills:
 + Level 3.3 Fighting
 + Level 3.0 Dodging
 + Level 4.4 Stealth
 * Level 5.3 Unarmed Combat
 + Level 2.8 Invocations
 * Level 5.1 Shapeshifting


You had 7 spell levels left.
You didn't know any spells.
Your spell library contained the following spells:

 Spells                   Type           Power      Damage    Failure   Level
 Foxfire                  Conj/Fire      0%         2x1d4     36%         1
 Plasma Beam              Fire/Air       0%         2x1d10    100%        6
 Starburst                Conj/Fire      0%         6d3       100%        6


Dungeon Overview and Level Annotations

Branches:
Dungeon (5/15)             Temple (1/1) D:4

Altars:
Ashenzari
Dithmenos
Elyvilon
Fedhas
Makhleb
Nemelex Xobeh
Qazlal
Ru
Sif Muna
Trog
Uskayaw
Vehumet
Wu Jian
Zin
The Shining One

Shops:
D:1 *   D:4 ?

Annotations:
D:3 Sigmund


Innate Abilities, Weirdness & Mutations

You are a hulking beast.
Your limbs bulge with bestial killing power. (Slay +2)
Your serpentine skin is tough. (AC +2)
You have supernaturally acute eyesight. (SInv)
Armour fits poorly on your strangely shaped body.
Your system is resistant to poisons. (rPois)
You cover ground very slowly.
You can spit poison.
You have a snake-like lower body.


Message History

Fedhas appreciates your contribution to the ecosystem.
The ufetubus hits you.
* * * LOW HITPOINT WARNING * * *
The ufetubus hits you but does no damage.
You have reached level 8!
You feel stronger.
You closely miss the ufetubus.
The ufetubus hits you but does no damage. x2
The ufetubus closely misses you. The ufetubus hits you.
* * * LOW HITPOINT WARNING * * *
You punch the ufetubus!
You kill the ufetubus!
Fedhas accepts your kill.
You start resting.
Magic restored.
You start resting.
HP restored.
An ogre comes into view. It is wielding a +0 giant club.
An ogre is nearby!
The ogre shouts!
You hear a shout!
The ogre hits you with a +0 giant club!
You barely miss the ogre.
A gnoll comes into view. It is wielding a +0 club.
The ogre hits you with a +0 giant club!!
A briar patch grows up from the ground. x4
You walk carefully through the plants.
The ogre barely misses you.
The ogre hits your briar patch with a +0 giant club!!
Your briar patch is destroyed!
Your briar patch disappears in a puff of smoke!
You feel much better.
The ogre hits you with a +0 giant club!!
You hit the ogre.
The ogre is lightly wounded.
The gnoll hits you with a +0 club.
You hit the ogre.
The ogre is moderately wounded.
The ogre hits you with a +0 giant club!!!
Ouch! That really hurt!
You die...
Fedhas appreciates your contribution to the ecosystem.

....................
.......#............
.........#..........
........###.........
#######...##..........
#.....#..)...#........
#P§#..#...............
#PO#gO#....>...... ...
#P.#.h#...............
##g##.##....#.........
#..#.)#....###.##....
#..#..#..#...#....)..
#..#..#..##..........
...#.....##....#.....
#######..##...#......
...#...........
...............#


You could see an ogre and a gnoll.

Vanquished Creatures
  Grinder (D:3)
  A black bear (D:4)
  An ogre (D:5)
  3 bombardier beetles
  A hound (D:4)
  Ijyb (D:3)
  Jessica (D:3)
  Natasha (thrice) (D:4)
  4 iguanas
  Terence (D:2)
  Robin (D:2)
  4 adders
  A white imp (D:5)
  An ufetubus (D:5)
  5 dart slugs
  A ribbon worm (D:2)
  3 orcs
  4 ball pythons
  9 endoplasms
  3 giant cockroaches (D:3)
  11 goblins
  13 hobgoblins
  3 jackals (D:3)
  6 kobolds
  2 quokkas
  9 bats
  A frilled lizard (D:3)
  A rat (D:2)
95 creatures vanquished.

Vanquished Creatures (others)
  An orc wizard (D:3)
1 creature vanquished.

Grand Total: 96 creatures vanquished

Notes
Turn   | Place    | Note
-------+----------+-------------------------------------------
     0 | D:1      | KennySheep the Naga Shapeshifter began the quest for the
                  | Orb.
     0 | D:1      | Reached XP level 1. HP: 18/18 MP: 1/1
   329 | D:1      | Reached XP level 2. HP: 25/25 MP: 2/2
   588 | D:1      | HP: 1/37 [goblin/+0 trident (5)]
   670 | D:1      | Reached skill level 1 in Stealth
   735 | D:1      | Reached XP level 3. HP: 31/31 MP: 3/3
   822 | D:1      | Found a faded altar of an unknown god.
   836 | D:1      | Prayed at the altar of an unknown god.
   836 | D:1      | Became a worshipper of Fedhas Madash
   836 | D:1      | Reached * piety under Fedhas
  1128 | D:1      | Found Luckyew's Assorted Antiques.
  1174 | D:1      | Bought a scroll labelled MAOCVOUPHU for 21 gold pieces
  1174 | D:1      | Bought a scroll labelled PUEKOR QIONK for 21 gold pieces
  1174 | D:1      | Bought a scroll labelled MAOCVOUPHU for 21 gold pieces
  1346 | D:2      | Noticed Terence
  1355 | D:2      | Killed Terence
  1356 | D:2      | Reached XP level 4. HP: 11/39 MP: 4/4
  1657 | D:2      | Reached ** piety under Fedhas
  1700 | D:2      | Noticed Robin
  1706 | D:2      | Killed Robin
  2538 | D:3      | Reached skill level 1 in Invocations
  2538 | D:3      | Reached XP level 5. HP: 26/45 MP: 5/5
  2657 | D:3      | Noticed Grinder
  2678 | D:3      | Paralysed by Grinder for 4 turns
  2803 | D:3      | Noticed Ijyb
  2922 | D:4      | Found Garuacof's Magic Scroll Boutique.
  2930 | D:4      | Bought a scroll of blinking for 97 gold pieces
  2940 | D:4      | Noticed Natasha
  3175 | D:4      | Killed Natasha
  3282 | D:4      | Noticed a black bear
  3437 | D:3      | Noticed Jessica
  3445 | D:3      | Reached XP level 6. HP: 30/52 MP: 7/7
  3453 | D:3      | Killed Jessica
  3592 | D:3      | Noticed Sigmund
  4054 | D:3      | Paralysed by Grinder for 5 turns
  4070 | D:3      | Killed Grinder
  4071 | D:3      | Reached XP level 7. HP: 45/61 MP: 8/8
  4320 | D:3      | Killed Ijyb
  4477 | D:4      | Found a staircase to the Ecumenical Temple.
  4485 | Temple   | Entered the Ecumenical Temple
  4529 | D:4      | Noticed Natasha
  4550 | D:4      | Killed Natasha
  4619 | D:4      | Noticed Natasha
  4621 | D:4      | Killed Natasha
  4700 | D:4      | Reached *** piety under Fedhas
  4877 | D:4      | Reached skill level 5 in Unarmed Combat
  5631 | D:5      | Entered Level 5 of the Dungeon
  5734 | D:5      | Reached skill level 5 in Shapeshifting
  5899 | D:5      | Reached XP level 8. HP: 15/69 MP: 8/10
  6104 | D:5      | Slain by an ogre

Illustrated notes

Levels and vault maps discovered:
D:1:      tarquinn_simple_flora_water_a, layout_basic,
          ebering_ecumenical_altar_box, serial_shops, shop,
          kennysheep_minor_cross, amcnicky_mini_corridor_feature, minmay_vboxes
D:2:      layout_loops_ring, uniq_terence, uniq_robin
D:3:      layout_loops_ring, uniq_sigmund, uniq_jessica, uniq_ijyb, uniq_grinder
D:4:      layout_basic, minmay_temple_entry_statues, serial_shops, shop,
          grunt_ministairs_1, grunt_decor_arrowhead, kennysheep_cluttered_room,
          kennysheep_pointless_box, kennysheep_crisscross, serial_bayou_pond_c,
          eino_tiny_chamber, uniq_natasha
D:5:      minmay_angry_zag, layout_layer_cave, gammafunk_ghost_nasty_kobolds,
          uniq_crazy_yiuf_cottage, uniq_edmund
Temple:   minmay_freezing_vapour_temple

Skill      XL: |  1  2  3  4  5  6  7 |
---------------+----------------------+-----
Stealth        | 1 2 3 4 |  4.4
Dodging        | 2 3 |  3.0
Fighting       | 2 3 |  3.3
Invocations    | 1 2 |  2.8
Unarmed Combat | 4 5 |  5.3
Shapeshifting  | 4 5 |  5.1

Action                     |  1- 3 |  4- 6 |  7- 9 || total
---------------------------+-------+-------+-------++-------
  Melee: Unarmed           |    73 |   158 |   100 ||   331
         Punch             |     2 |     7 |     1 ||    10
 Invoke: Wall of Briars    |       |       |     1 ||     1
Ability: Spit Poison       |     7 |    11 |     3 ||    21
  Evoke: Wand              |       |     2 |     2 ||     4
    Use: Potion            |     2 |     4 |     2 ||     8
         Scroll            |     4 |     4 |     2 ||    10
   Stab: Sleeping          |     1 |     5 |     3 ||     9
         Distracted        |     1 |       |       ||     1
 Armour: Animal skin       |    49 |   103 |    74 ||   226
         Skin              |    44 |       |       ||    44
  Dodge: Dodged            |    29 |    59 |    36 ||   124

Table legend: (Time is in decaauts)
 A = Elapsed time spent in this place.
 B = Non-inter-level travel time spent in this place.
 C = Inter-level travel time spent in this place.
 D = Time resting spent in this place.
 E = Time spent auto-exploring this place.
 F = Levels seen in this place.
 G = Mean time per level.
                   A        B        C        D        E       F      G
               +--------+--------+--------+--------+--------+-----+--------+
         Total |   7400 |   7242 |    158 |    988 |   5105 |   6 | 1233.3 |
       Dungeon |   7398 |   7240 |    158 |    988 |   5105 |   5 | 1479.6 |
        Temple |      1 |      1 |      0 |      0 |      0 |   1 |    1.0 |
               +--------+--------+--------+--------+--------+-----+--------+

Top non-repeatable levels by time:
     D:4: 1999 daAuts
     D:3: 1819 daAuts
     D:1: 1726 daAuts
     D:2: 1283 daAuts
     D:5: 568 daAuts
  Temple: 1 daAuts
